 Dungeon Sprint DCSS version 0.27-a0-103-g6cd7b45605 (webtiles) character file.

Game seed: 11595419300640406651

25 mhtbhm the Insei (level 3, -10/23 HPs)
             Began as an Octopode Transmuter on Jan 24, 2021.
             Mangled by an ogre
             ... wielding a +0 giant club
              (33 damage)
             ... in the Dungeon (Sprint I: "Red Sonja").
             The game lasted 00:00:24 (299 turns).

mhtbhm the Insei (Octopode Transmuter)               Turns: 299, Time: 00:00:24

Health: -10/23     AC:  2    Str: 10    XL:     3   Next: 4%
Magic:  2/7        EV: 20    Int: 15    God:
Gold:   0          SH:  0    Dex: 17    Spells: 2/8 levels left

rFire    . . .     SeeInvis .     - Unarmed
rCold    . . .     Faith    .   (shield currently unavailable)
rNeg     . . .     Spirit   .   (helmet currently unavailable)
rPois    x         Reflect  .   (no amulet)
rElec    .         Harm     .   (no ring)
rCorr    .         Rampage  .   (no ring)
Will     .....     NoTele   +   (no ring)
Stlth    ++........             (no ring)
HPRegen  0.07/turn              (no ring)
MPRegen  0.10/turn              (no ring)
                                (no ring)
                                (no ring)

@: spider-form (expiring), wereblooded
A: tiny, almost no armour, stealthy swim, (amphibious), 8 rings, (constrict 8)
a: End Transformation


You were in the Dungeon.
You were a venomous arachnid creature.
You visited 1 branch

Inventory:

Scrolls
 g - a scroll of blinking
Potions
 b - a potion of curing
 c - a potion of heal wounds
 d - a potion of haste
 e - 2 potions of magic


   Skills:
 + Level 1.1 Fighting
 + Level 2.8 Dodging
 + Level 0.7 Stealth
 + Level 5.0 Unarmed Combat
 + Level 3.0 Spellcasting
 + Level 2.8 Transmutations


You had 2 spell levels left.
You knew the following spells:

 Your Spells              Type           Power        Failure   Level
a - Beastly Appendage     Tmut           20%          17%         1
b - Wereblood             Tmut           10%          24%         2
c - Spider Form           Tmut/Pois      3%           54%         3

Your spell library contained the following spells:

 Spells                   Type           Power        Failure   Level
 Ice Form                 Ice/Tmut       6%           88%         4
 Blade Hands              Tmut           5%           95%         5


Dungeon Overview and Level Annotations

Branches:
Dungeon (1/1)

Altars:


Innate Abilities, Weirdness & Mutations

You cannot wear most types of armour.
You are very stealthy in the water. (Stealth+)
((You are amphibious.))
You can wear up to eight rings at the same time.
((You can use your tentacles to constrict eight enemies at once.))
((Your skin changes colour to match your surroundings (Stealth+).))
((Your rubbery body absorbs attacks. (AC +1, EV +1)))


Message History

You finish memorising.
Spell assigned to 'c'.
Sorry, you're not good enough to have a special ability.
You see here a +3 leather armour of poison resistance.
Okay, then.
Casting: Beastly Appendage (safe; 6% risk of failure)
Confirm with . or Enter, or press ? or * to list all spells.
The spell is extremely dangerous to cast (32% risk of failure)!
Continue anyway?
You turn into a venomous arachnid creature.
Unknown command.
Casting: Spider Form (potentially lethal; 54% risk of failure)
Confirm with . or Enter, or press ? or * to list all spells.
The spell is quite dangerous to cast (24% risk of failure)!
Continue anyway?
Your blood is infused with primal strength.
Unknown command.
You open the door.
An ogre comes into view. It is wielding a +0 giant club.
Your transformation is almost over.
The ogre hits you with a +0 giant club!!
Ouch! That really hurt!
You die...

##########
#<.#.[sO.#
#..'..#..+
#..#####+#
#..# #..#
#..# #⌠⌠#
####


You could see an ogre.

Vanquished Creatures
  Ijyb (D)
1 creature vanquished.

Notes
Turn   | Place    | Note
-------+----------+-------------------------------------------
     0 | D        | mhtbhm the Octopode Transmuter began the quest for the Orb.
     0 | D        | Reached XP level 1. HP: 13/13 MP: 3/3
     1 | D        | Noticed Ijyb
    26 | D        | Killed Ijyb
    27 | D        | Reached skill level 5 in Unarmed Combat
    27 | D        | Reached XP level 2. HP: 4/18 MP: 4/6
    27 | D        | Reached XP level 3. HP: 5/23 MP: 4/7
   289 | D        | Learned a level 2 spell: Wereblood
   293 | D        | Learned a level 3 spell: Spider Form
   298 | D        | Noticed an ogre
   299 | D        | Mangled by an ogre

Illustrated notes

Levels and vault maps discovered:
D:        dungeon_sprint_1 [red_sonja_temple_1, red_sonja_temple_small_1]

Skill      XL: |  1 |
---------------+----+-----
Unarmed Combat | 5 |  5.0
Spellcasting   | 3 |  3.0
Fighting       | |  1.1
Dodging        | |  2.8
Stealth        | |  0.7
Transmutations | |  2.8

Action                   || total
-------------------------++-------
Melee: Unarmed           ||    21
       Kick              ||     2
       Constrict         ||     1
       Punch             ||     1
 Cast: Beastly Appendage ||     1
       Spider Form       ||     1
       Wereblood         ||     1
  Use: Potion            ||     1
 Stab: Sleeping          ||     1
Dodge: Dodged            ||     7

Table legend: (Time is in decaauts)
 A = Elapsed time spent in this place.
 B = Non-inter-level travel time spent in this place.
 C = Inter-level travel time spent in this place.
 D = Time resting spent in this place.
 E = Time spent auto-exploring this place.
 F = Levels seen in this place.
 G = Mean time per level.
                   A        B        C        D        E       F      G
               +--------+--------+--------+--------+--------+-----+--------+
         Total |    311 |    311 |      0 |    272 |      1 |   1 |  311.0 |
       Dungeon |    311 |    311 |      0 |    272 |      1 |   1 |  311.0 |
               +--------+--------+--------+--------+--------+-----+--------+

Top non-repeatable levels by time:
       D: 311 daAuts
